 Dungeon Crawl Stone Soup version 0.23-a0-301-g9da9e51 (webtiles) character file.

56 vierth the Sneak (level 3, -2/16 HPs)
             Began as a Spriggan Enchanter on Oct 7, 2018.
             Slain by a hobgoblin
             ... wielding a +0 club
              (7 damage)
             ... on level 2 of the Dungeon.
             The game lasted 00:04:12 (1822 turns).

vierth the Sneak (Spriggan Enchanter)               Turns: 1822, Time: 00:04:13

Health: -2/16      AC:  2    Str:  4    XL:     3   Next: 69%
Magic:  8/8        EV: 18    Int: 16    God:
Gold:   40         SH:  0    Dex: 17    Spells: 4/7 levels left

rFire    . . .     SeeInvis +   a - +1 dagger
rCold    . . .     Gourm    .   (shield restricted)
rNeg     . . .     Faith    .   b - +0 robe
rPois    .         Spirit   .   (helmet restricted)
rElec    .         Reflect  .   (no cloak)
rCorr    .         Harm     .   (gloves unavailable)
MR       .....                  (boots unavailable)
Stlth    +++.......             (no amulet)
HPRegen  0.05/turn              (no ring)
MPRegen  0.11/turn              (no ring)

@: very quick
A: very small, unfitting armour, see invisible, herbivore, speed 3, slow
metabolism 2
a: no special abilities


You were on level 2 of the Dungeon.
You were not hungry.

You visited 1 branch of the dungeon, and saw 2 of its levels.

You collected 40 gold pieces.

Inventory:

Hand Weapons
 a - a +1 dagger (weapon)
Armour
 b - a +0 robe (worn)
Jewellery
 g - a cursed -2 ring of dexterity {unknown}
 j - an uncursed ring of magical power {unknown}
Scrolls
 e - a scroll of teleportation {unknown}
 f - 2 scrolls of enchant armour {unknown}
 h - a scroll of enchant weapon {unknown}
 k - a scroll of identify {unknown}
Potions
 c - a potion of curing {unknown}
 i - a potion of brilliance {unknown}
 l - a potion of degeneration {unknown}
Comestibles
 d - 3 rations


   Skills:
 + Level 3.8 Short Blades
 - Level 3.0 Dodging
 - Level 4.4 Stealth
 + Level 2.8 Spellcasting
 + Level 3.8 Hexes


You had 4 spell levels left.
You knew the following spells:

 Your Spells              Type           Power        Failure   Level  Hunger
a - Corona                Hex            ##.....      4%          1    #......
b - Ensorcelled Hibernat  Hex/Ice        #.....       13%         2    ##.....

Your spell library contained the following spells:

 Spells                   Type           Power        Failure   Level  Hunger
 Confuse                  Hex            ##......     12%         3    ###....
 Tukima's Dance           Hex            ##......     12%         3    ###....
 Dazzling Spray           Conj/Hex       #.....       26%         3    ###....


Dungeon Overview and Level Annotations

Branches:
Dungeon (2/15)

Altars:


Innate Abilities, Weirdness & Mutations

You are very small and have problems with some larger weapons.
You are too small for most types of armour.
You have supernaturally acute eyesight. (SInv)
You are a herbivore.
You cover ground extremely quickly.
You need to consume almost no food.


Message History

The giant cockroach misses you.
You hit the giant cockroach but do no damage.
The giant cockroach is moderately wounded.
The giant cockroach completely misses you.
You hit the giant cockroach but do no damage.
The giant cockroach is moderately wounded.
The giant cockroach misses you.
You hit the giant cockroach but do no damage.
The giant cockroach is moderately wounded.
The giant cockroach barely misses you.
You hit the giant cockroach but do no damage.
The giant cockroach is moderately wounded.
The giant cockroach bites you but does no damage.
You hit the giant cockroach but do no damage.
The giant cockroach is moderately wounded.
The giant cockroach closely misses you. The hobgoblin closely misses you.
You hit the giant cockroach but do no damage.
The giant cockroach is moderately wounded.
The giant cockroach misses you. The hobgoblin hits you with a club!
You die...

#.####.#.#### #.#.#
#...........# #.#.#
#.....)..)#.# #.#.#
.....#####.#.##....#
#..g #.........# ..
#.#.##...# #.#.## #
#.#####...%#
#..s@g...#....#
#.######...####
##.## #.# #.# ..#
###


You could see a giant cockroach and a hobgoblin.

Vanquished Creatures
  An adder (D:2)
  An ooze (D:1)
  A dart slug (D:1)
  A leopard gecko (D:1)
  2 bats (D:1)
  4 giant cockroaches (D:1)
  6 goblins
  5 hobgoblins (D:1)
  6 jackals (D:1)
  A quokka (D:2)
  A frilled lizard (D:1)
  3 rats (D:1)
32 creatures vanquished.

Notes
Turn   | Place    | Note
-------+----------+-------------------------------------------
     0 | D:1      | vierth the Spriggan Enchanter began the quest for the Orb.
     0 | D:1      | Reached XP level 1. HP: 9/9 MP: 5/5
   361 | D:1      | Reached XP level 2. HP: 13/13 MP: 6/6
  1144 | D:1      | Reached XP level 3. HP: 14/16 MP: 8/8
  1565 | D:1      | Learned a level 2 spell: Ensorcelled Hibernation
  1822 | D:2      | Slain by a hobgoblin

Vault maps used:
D:1:      dpeg_arrival_chase, serial_bayou_lagoon_a
D:2:      ashenzari_conservatory_becter, lemuel_blue_sif_altar, first_ration

Skill      XL: |  1  2 |
---------------+-------+-----
Short Blades   | 2 3 |  3.8
Dodging        | |  3.0
Stealth        | |  4.4
Spellcasting   | |  2.8
Hexes          | |  3.8

Action                   || total
-------------------------++-------
Melee: Dagger            ||   168
 Stab: Sleeping          ||     9
Armor: Robe              ||    11
Dodge: Dodged            ||   156

Table legend:
 A = Non-vault XP
 B = Vault XP
 C = Vault XP percentage of total XP
 D = Non-vault monster count
 E = Vault monster count
 F = Vault count percentage of total count
                 A         B        C        D         E       F
            +---------+---------+-------+---------+---------+-------
      Total |      80 |       0 |   0.0 |      32 |       0 |   0.0
            +---------+---------+-------+---------+---------+-------
        D:1 |      56 |       0 |   0.0 |      26 |       0 |   0.0
        D:2 |      24 |       0 |   0.0 |       6 |       0 |   0.0
            +---------+---------+-------+---------+---------+-------
